 Dungeon Sprint DCSS version 0.21-a0-91-ga5031da (webtiles) character file.

95 Kidiri the Sneak (level 4, -3/20 (23) HPs)
             Began as a Spriggan Enchanter on June 30, 2017.
             Slain by a necrophage (8 damage)
             ... in the Dungeon (Sprint II: "The Violet Keep of Menkaure").
             The game lasted 00:01:46 (388 turns).

Kidiri the Sneak (Spriggan Enchanter)                Turns: 388, Time: 00:01:46

HP:   -3/20 (23)    AC:  2    Str:  4    XL:     4   Next: 39%
MP:   6/12          EV: 21    Int: 17    God:
Gold: 243           SH:  0    Dex: 16    Spells: 1/13 levels left

rFire    . . .     SeeInvis +   a - +1 dagger
rCold    . . .     Gourm    .   (shield restricted)
rNeg     . . .     Faith    .   b - +0 robe
rPois    .         Spirit   .   (helmet restricted)
rElec    .         Reflect  .   (no cloak)
rCorr    .         Harm     .   (gloves unavailable)
MR       .....     NoTele   +   (boots unavailable)
Stlth    ++++......             (no amulet)
HPRegen  0.06/turn              (no ring)
MPRegen  0.13/turn              (no ring)

@: very slightly contaminated, very quick
A: unfitting armour, see invisible, herbivore 3, speed 3, slow metabolism 2
a: no special abilities


You were in the Dungeon.
You were not hungry.

You visited 1 branch You collected 243 gold pieces.

Inventory:

Hand Weapons
 a - a +1 dagger (weapon)
Armour
 b - a +0 robe (worn)
Scrolls
 j - a scroll of blinking
Potions
 g - a potion of haste
Books
 c - a book of Maledictions

   Spells                             Type                      Level
   a - Corona                         Hexes                        1
   b - Ensorcelled Hibernation        Hexes/Ice                    2
   c - Confuse                        Hexes                        3
   d - Tukima's Dance                 Hexes                        3
   e - Dazzling Spray                 Conjuration/Hexes            3
Comestibles
 d - a bread ration


   Skills:
 + Level 1.9 Fighting
 * Level 3.9 Short Blades
 + Level 1.6 Armour
 * Level 6.1 Dodging
 * Level 7.2 Stealth
 * Level 5.0 Spellcasting
 + Level 5.0 Hexes


You had one spell level left.
You knew the following spells:

 Your Spells              Type           Power        Failure   Level  Hunger
a - Corona                Hex            ###....      1%          1    None
b - Ensorcelled Hibernat  Hex/Ice        ##....       8%          2    #......
c - Confuse               Hex            ###.....     5%          3    ###....
d - Tukima's Dance        Hex            ###.....     5%          3    ###....
e - Dazzling Spray        Conj/Hex       ##....       16%         3    ###....


Dungeon Overview and Level Annotations

Branches:
Dungeon (1/1)

Altars:


Innate Abilities, Weirdness & Mutations

You are very small and have problems with some larger weapons.
You are too small for most types of armour.
You have supernaturally acute eyesight. (SInv)
You are a herbivore.
You cover ground extremely quickly.
You need consume almost no food.


Message History

Casting: Dazzling Spray
Confirm with . or Enter, or press ? or * to list all spells.
Aiming: Dazzling Spray
Press: ? - help, Shift-Dir - straight line, f/p - necrophage
Aim: a necrophage (heavily damaged)
The spray of energy hits the necrophage.
The necrophage is severely damaged.
The spray of energy misses the necrophage. x2
The necrophage hits you. x2; You feel your flesh rotting away!
The necrophage hits you.
* * * LOW HITPOINT WARNING * * *
You feel your flesh rotting away!
Casting: Dazzling Spray
Confirm with . or Enter, or press ? or * to list all spells.
Aiming: Dazzling Spray
Press: ? - help, Shift-Dir - straight line, f/p - necrophage
Aim: a necrophage (severely damaged)
You miscast Dazzling Spray.
Strange energies run through your body. The necrophage hits you!
You die...

## ## ##.
.## .. ..
### .#.
##.# #'#
#..###n##
+##.+nnn+
#..###@##
##.# #+#
### ...
.m#.. ##.
.## ## ##


You could see 4 necrophages.

Vanquished Creatures
  4 worker ants (D)
4 creatures vanquished.

Vanquished Creatures (others)
  A crocodile (D)
1 creature vanquished.

Grand Total: 5 creatures vanquished

Notes
Turn   | Place    | Note
-------+----------+-------------------------------------------
     0 | D        | Kidiri the Spriggan Enchanter began the quest for the Orb.
     0 | D        | Reached XP level 1. HP: 9/9 MP: 5/5
     1 | D        | Noticed a merfolk siren
     5 | D        | Noticed a worker ant
     5 | D        | Noticed a worker ant
    16 | D        | Killed a worker ant
    16 | D        | Reached skill level 1 in Fighting
    16 | D        | Reached skill level 1 in Armour
    16 | D        | Reached skill level 5 in Stealth
    16 | D        | Reached XP level 2. HP: 13/14 MP: 5/7
    23 | D        | Reached skill level 5 in Dodging
    23 | D        | Reached skill level 6 in Stealth
    23 | D        | Reached XP level 3. HP: 3/18 MP: 5/9
    33 | D        | Learned a level 2 spell: Ensorcelled Hibernation
    37 | D        | Learned a level 3 spell: Confuse
    41 | D        | Learned a level 3 spell: Tukima's Dance
    72 | D        | Reached XP level 4. HP: 20/22 MP: 9/11
    81 | D        | Reached skill level 7 in Stealth
    81 | D        | Reached skill level 5 in Spellcasting
    81 | D        | Reached skill level 5 in Hexes
    93 | D        | Killed a crocodile
   310 | D        | Learned a level 3 spell: Dazzling Spray
   373 | D        | Noticed a necrophage
   373 | D        | Noticed a necrophage
   373 | D        | Noticed a necrophage
   373 | D        | Noticed a necrophage
   388 | D        | Slain by a necrophage

Vault maps used:
D:        the_violet_keep_of_menkaure

Skill      XL: |  1  2  3  4 |
---------------+-------------+-----
Fighting       | 1 |  1.9
Short Blades   | 2 3 |  3.9
Armour         | 1 |  1.6
Dodging        | 4 5 6 |  6.1
Stealth        | 5 6 7 |  7.2
Spellcasting   | 3 4 5 |  5.0
Hexes          | 4 5 |  5.0

Action                   |  1- 3 |  4- 6 || total
-------------------------+-------+-------++-------
Melee: Dagger            |    11 |     2 ||    13
 Cast: Dazzling Spray    |       |     8 ||     8
       Ensorcelled Hiber |       |     4 ||     4
  Use: Potion            |     2 |     3 ||     5
 Stab: Sleeping          |     1 |     1 ||     2
Armor: Robe              |       |     1 ||     1
Dodge: Dodged            |     9 |    12 ||    21
